 Dungeon Crawl Stone Soup version 0.22.1-1-ga44c0e5 (webtiles) character file.

488 rabbit the Chopper (level 6, -3/56 HPs)
             Began as a Minotaur Berserker on Oct 10, 2018.
             Was a Priest of Trog.
             Slain by an adder (4 damage)
             ... on level 5 of the Dungeon.
             The game lasted 00:13:27 (4704 turns).

rabbit the Chopper (Minotaur Berserker)             Turns: 4704, Time: 00:13:27

Health: -3/56      AC:  3    Str: 24    XL:     6   Next: 90%
Magic:  5/5        EV: 13    Int:  4    God:    Trog [***...]
Gold:   196        SH:  0    Dex:  9    Spells: 5/5 levels left

rFire    . . .     SeeInvis +   a - +0 hand axe
rCold    . . .     Gourm    .   (no shield)
rNeg     . . .     Faith    .   b - +0 animal skin
rPois    .         Spirit   .   (helmet restricted)
rElec    .         Reflect  .   (no cloak)
rCorr    .         Harm     .   (no gloves)
MR       .....                  r - +0 pair of boots
Stlth    +.........             (no amulet)
HPRegen  0.18/turn              p - ring of see invisible
MPRegen  0.09/turn              (no ring)

@: no status effects
A: retaliatory headbutt, horns 2
a: Berserk, Trog's Hand, Renounce Religion


You were on level 5 of the Dungeon.
You worshipped Trog.
Trog was most pleased with you.
You were not hungry.

You visited 1 branch of the dungeon, and saw 5 of its levels.
You also visited: Ossuary.

You collected 196 gold pieces.

Inventory:

Hand Weapons
 a - a +0 hand axe (weapon)
Armour
 b - a +0 animal skin (worn)
 r - a +0 pair of boots (worn)
Jewellery
 p - a ring of see invisible (left hand)
Wands
 t - a wand of iceblast (13)
Scrolls
 d - 3 scrolls of remove curse {unknown}
 e - 3 scrolls of magic mapping
 h - 6 scrolls of identify
 i - 2 scrolls of fog {unknown}
 k - a scroll of immolation {unknown}
 n - 2 scrolls of teleportation {unknown}
 v - 2 scrolls of fear {unknown}
Potions
 f - a potion of haste {unknown}
 g - a potion of might {unknown}
 j - 2 potions of curing {unknown}
 l - 2 potions of brilliance {unknown}
 m - a potion of berserk rage {unknown}
 o - a potion of cancellation {unknown}
 q - 2 potions of lignification {unknown}
 s - a potion of flight {unknown}
 u - a potion of resistance {unknown}
Comestibles
 c - 6 rations


   Skills:
 + Level 5.4 Fighting
 * Level 7.7 Axes
 + Level 2.7 Armour
 + Level 3.5 Dodging
 - Level 0.2 Stealth


You had 5 spell levels left.
You didn't know any spells.
Your spell library was empty.

Dungeon Overview and Level Annotations

Branches:
Dungeon (5/15)
 Temple: D:4-7

Altars:
Ashenzari
Okawaru

Portals:
Sewer: D:5


Innate Abilities, Weirdness & Mutations

You reflexively headbutt those who attack you in melee.
You have a pair of horns on your head.


Message History

Found a glowing drain.
A ball python comes into view.
The adder hisses angrily.
A rat comes into view.
A ball python comes into view.
The ball python hisses angrily.
The rat closely misses you. The ball python barely misses you. x2
Found a stone staircase leading down.
The ball python hisses angrily.
The rat twitches its whiskers.
The ball python misses you. You furiously retaliate!
You headbutt the ball python. The ball python grabs you.
The ball python constricts you. The rat bites you.
* * * LOW HITPOINT WARNING * * *
You escape the ball python's grasp.
The ball python misses you. You furiously retaliate!
You headbutt the ball python!
You kill the ball python!
Trog accepts your kill. The adder bites you.
You die...

**,*,***,...###..#.#.###,**,***
,,,,,,,,,...............,,,,,,*
**,*,*,,,.=.###.......%.,**,***
,,,,,,,,,.,,* #....#...>,**,*
,,,,,,,,,...###.........,,,,***
,,,,,,,,,...............,,,,,,*
,,,,,*,*,...###.r.......,,,,,,*
,,,***,*,.,,*#...S......,,,,,**
,,,,,,,,,,,,*#..@S......***,,*
,,,,,,,,,.......?≈r≈...#***,,**
,,****,*,.#.#...≈≈≈≈≈...,,,,,,*
,,,,,,,,,.......≈≈∩rS..#,***,**
,,,,,,,,,.#.....≈≈≈≈≈..#,* *,*
,,,,,,,,,..>.....≈≈≈...#,* *,*
,,,,,,,,,..............#,* *,*
******,**.#.#..........#,* *,*
* *,**,*,*,,,,,,,,,,,,* *,*


You could see an adder, 2 ball pythons and 3 rats.

Vanquished Creatures
  A howler monkey (D:4)
  A jelly (D:3)
  An orc priest (D:3)
  A hound (D:5)
  An orc wizard (D:3)
  An iguana (D:5)
  2 worker ants (D:4)
  3 mummies (Ossuary)
  3 gnolls (D:4)
  6 adders
  An ooze (D:3)
  2 adder skeletons (D:4)
  2 adder zombies (Ossuary)
  2 worms (D:3)
  5 dart slugs
  2 leopard geckos
  11 orcs
  4 ball pythons
  A giant cockroach (D:2)
  6 goblins
  8 hobgoblins
  4 jackals (D:5)
  2 quokkas
  11 bats
  7 frilled lizards
  4 goblin zombies
  A hobgoblin zombie (Ossuary)
  6 kobolds
  5 kobold zombies (Ossuary)
  A leopard gecko skeleton (D:4)
  6 quokka zombies
  8 rats
  2 rat zombies (Ossuary)
121 creatures vanquished.

Notes
Turn   | Place    | Note
-------+----------+-------------------------------------------
     0 | D:1      | rabbit the Minotaur Berserker began the quest for the Orb.
     0 | D:1      | Reached XP level 1. HP: 19/19 MP: 0/0
   395 | D:1      | Reached XP level 2. HP: 27/27 MP: 1/1
   406 | D:1      | Reached skill level 4 in Axes
   551 | D:1      | Found a shattered altar of Ashenzari.
   755 | D:1      | Reached XP level 3. HP: 29/33 MP: 2/2
   894 | D:2      | Reached ** piety under Trog
  1764 | D:2      | Reached XP level 4. HP: 37/41 MP: 3/3
  2043 | D:3      | Reached skill level 5 in Axes
  2232 | D:3      | Reached XP level 5. HP: 39/47 MP: 4/4
  2638 | D:3      | Reached skill level 5 in Fighting
  2775 | D:3      | Reached skill level 6 in Axes
  3175 | D:4      | Reached XP level 6. HP: 52/56 MP: 5/5
  3916 | D:4      | Reached skill level 7 in Axes
  4109 | D:4      | Found an iron altar of Okawaru.
  4262 | D:5      | Entered Level 5 of the Dungeon
  4269 | D:5      | Found a sand-covered staircase.
  4278 | Ossuary  | Entered an ossuary
  4347 | Ossuary  | Reached *** piety under Trog
  4631 | D:5      | HP: 1/56 [iguana (6)]
  4697 | D:5      | HP: 2/56 [phantom (7)]
  4700 | D:5      | Found a glowing drain.
  4703 | D:5      | HP: 1/56 [rat (2)]
  4704 | D:5      | Slain by an adder

Skill      XL: |  1  2  3  4  5  6 |
---------------+-------------------+-----
Fighting       | 4 5 |  5.4
Axes           | 4 5 6 7 |  7.7
Dodging        | 3 |  3.5
Armour         | |  2.7
Stealth        | |  0.2

Action                   |  1- 3 |  4- 6 || total
-------------------------+-------+-------++-------
Melee: Hand axe          |    85 |   166 ||   251
       Headbutt          |    11 |    29 ||    40
Invok: Trog's Hand       |       |     1 ||     1
       Berserk           |       |     1 ||     1
  Use: Scroll            |       |     2 ||     2
  Eat: Chunk             |     3 |     9 ||    12
       Ration            |       |     1 ||     1
Armor: Animal skin       |    12 |    18 ||    30
Dodge: Dodged            |    64 |   127 ||   191
